cohdb
Replays
Latest Replays
All Replays
Popular Replays
Top Player Replays
Match Explorer
How It Works
Community
CoH3 Stats
Reddit
Sign in to upload your games and track your stats! →
Sign in with Steam
Match 41900139
Unlisted
Match 41900139
Overview
Messages
Build Orders
End
Construct Section Command Post
Selects Australian Defense Battlegroup
Selects Australian Light Infantry Section
Australian Light Infantry Section
Infantry Section
Australian Light Infantry Section
Construct Platoon Command Post
Selects Defensive Tactics
Unlock Bishop Self-propelled Artillery
PlzForGiveMeZ
Planeman5
Spriggan
1Tap.com
Guille1944
Sauron
[RMN] Brown Caesar
Dingus
0
0
Comments
sign in to comment!
No comments posted yet!